 Dungeon Crawl Stone Soup version 0.31-a0-40-g1d5085d191 (webtiles) character file.

Game seed: 7960425771003210239

13148 funkygono the Severer (level 11, -3/100 (101) HPs)
             Began as a Minotaur Fighter on May 17, 2023.
             Was a High Priest of Okawaru.
             Slain by a minotaur
             ... wielding a +3 double sword of electrocution
              (30 damage)
             ... in a Gauntlet.
             The game lasted 00:20:44 (11320 turns).

funkygono the Severer (Minotaur Fighter)           Turns: 11320, Time: 00:20:45

HP:   -3/100 (101)  AC: 29    Str: 28    XL:     11   Next: 71%
MP:   10/11         EV: 10    Int:  1    God:    Okawaru [*****.]
Gold: 1063          SH:  7    Dex: 10    Spells: 10/10 levels left

rFire   . . .        a - +1 war axe (freeze)
rCold   . . .        B - +1 buckler {AC+3}
rNeg    . . .        k - +0 plate armour
rPois   +            (helmet restricted)
rElec   .            i - +1 cloak
rCorr   .            F - +2 pair of gloves {Str+3}
SInv    +            A - +0 pair of boots
Will    +....        (no amulet) Stlth
                     f - ring of flight
HPRegen 0.36/turn    o - ring of Vusmercha {rPois Will+ Int-4 SInv}
MPRegen 0.12/turn

%: no teleportation
@: heroic, flying, studying 2 skills, lightly drained
A: horns 2, retaliatory headbutt
a: Renounce Religion, Heroism, Finesse, Duel


You were in a Gauntlet.
You worshipped Okawaru.
Okawaru was extremely pleased with you.
You visited 2 branches of the dungeon, and saw 12 of its levels.
You also visited: Ossuary, Bailey and Gauntlet.

You collected 1063 gold pieces.

Inventory:

Hand Weapons
 a - a +1 war axe of freezing (weapon)
Missiles
 u - 2 silver javelins (quivered)
 C - a boomerang
Armour
 h - a +1 pair of gloves
 i - a +1 cloak (worn)
 k - a +0 plate armour (worn)
 y - a +0 cloak of poison resistance
 A - a +0 pair of boots (worn)
 B - a +1 buckler of protection (worn)
 F - a +2 pair of gloves of strength (worn)
Jewellery
 c - a ring of see invisible
 f - a ring of flight (left hand)
 o - the ring of Vusmercha (right hand) {rPois Will+ Int-4 SInv}
   (You found it on level 5 of the Dungeon)

   [ring of willpower]

   Int:       It affects your intelligence (-4).
   rPois:     It protects you from poison.
   SInv:      It lets you see invisible.
   Will:      It increases your willpower.
 z - a ring of protection from fire
 G - the ring of Cetwuaso {Fire rPois Int+3 Dex+3}
   (You found it in a Gauntlet)

   [ring of fire]

   It enhances your fire magic.
   Int:       It affects your intelligence (+3).
   Dex:       It affects your dexterity (+3).
   rF:        It protects you from fire.
   rC:        It makes you vulnerable to cold.
   rPois:     It protects you from poison.
 H - an amulet of magic regeneration
Wands
 j - a wand of roots (2)
 E - a wand of polymorph (3)
Scrolls
 b - a scroll of blinking
 e - 2 scrolls of teleportation
 t - 4 scrolls of fog
 v - a scroll of brand weapon
 x - a scroll of amnesia
 D - a scroll of fear {unknown}
Potions
 d - 2 potions of might
 g - 6 potions of curing
 l - 5 potions of mutation
 m - 3 potions of heal wounds
 n - 4 potions of ambrosia
 p - 2 potions of magic
 q - 4 potions of lignification
 r - 2 potions of haste
 s - 2 potions of flight
 w - a potion of resistance


   Skills:
 + Level 10.5(15.5) Fighting
 + Level 15.3(20.3) Axes
 + Level 12.0(17.0) Armour
 + Level 1.8(6.8) Dodging
 + Level 1.4(6.4) Stealth
 + Level 7.1(12.1) Shields
 + Level 1.7 Invocations


You had 10 spell levels left.
You didn't know any spells.
Your spell library contained the following spells:

 Spells                   Type           Power      Damage    Failure   Level
 Slow                     Hex            0%         N/A       99%         1
 Blink                    Tloc           0%         N/A       99%         2
 Lesser Beckoning         Tloc           0%         N/A       99%         2
 Momentum Strike          Conj/Tloc      0%         3d8       99%         2
 Static Discharge         Conj/Air       0%         2-2/arc   99%         2
 Confusing Touch          Hex            0%         N/A       100%        3
 Gell's Gravitas          Tloc           0%         N/A       100%        3
 Teleport Other           Tloc           0%         N/A       100%        3
 Vampiric Draining        Necr           0%         2d6       100%        3
 Airstrike                Air            0%         2d(0-16)  100%        4
 Borgnjor's Vile Clutch   Necr/Erth      0%         N/A       100%        5
 Animate Dead             Necr           Unusable   N/A       N/A         4
 Summon Lightning Spire   Summ/Air       Unusable   N/A       N/A         4
 Death Channel            Necr           Unusable   N/A       N/A         6

Dungeon Overview and Level Annotations

Branches:
Dungeon (11/15)            Temple (1/1) D:6            Lair (0/5) D:8
    Orc (0/2) D:11        Ossuary (visited)          Bailey (visited)
Gauntlet (1/1)

Altars:
Ashenzari
Cheibriados
Dithmenos
Elyvilon
Fedhas
Gozag
Hepliaklqana
Kikubaaqudgha
Makhleb
Nemelex Xobeh
Okawaru
Qazlal
Ru
Sif Muna
Trog
Uskayaw
Vehumet
Wu Jian
Xom
Yredelemnul
Zin
The Shining One

Shops:
D:5 (

Annotations:
Gauntlet 10 transporters, exclusions: ice statue, oklob plant and orange crystal statue


Innate Abilities, Weirdness & Mutations

You have a pair of horns on your head.
You reflexively headbutt those who attack you in melee.


Message History

You reach down and open the door.
A minotaur comes into view.
It is wielding a +3 double sword of electrocution, wearing a +4 chain mail of poison resistance and quivering silver javelins.
The minotaur bellows!
The minotaur unwields a +3 double sword of electrocution.
It stops crackling.
The minotaur wields a +0 shortbow.
The minotaur shoots an arrow.
You block the arrow.
Found a curved runed staff.
Found a gate leading back out of this place.
You gain the combat prowess of a mighty hero.
You closely miss the minotaur.
The minotaur unwields a +0 shortbow.
The minotaur wields a +3 double sword of electrocution.
You hear the crackle of electricity.
You block the minotaur's attack.
The minotaur gores you but does no damage.
You hit the minotaur but do no damage. You hit the minotaur but do no damage.
The minotaur hits you with a +3 double sword of electrocution!
You block the minotaur's attack.
You slash the minotaur! You freeze the minotaur.
You headbutt the minotaur, but do no damage.
The minotaur is moderately wounded.
The minotaur hits you but does no damage.
You are electrocuted!
The minotaur gores you!
You hit the minotaur.
You headbutt the minotaur, but do no damage.
The minotaur is moderately wounded.
You hit the minotaur but do no damage. You headbutt the minotaur.
The minotaur is moderately wounded.
The minotaur hits you with a +3 double sword of electrocution!!
You are electrocuted!
The minotaur completely misses you.
You hit the minotaur but do no damage.
The minotaur is moderately wounded.
You block the minotaur's attack. The minotaur gores you!
* * * LOW HITPOINT WARNING * * *
You hit the minotaur. You headbutt the minotaur.
The minotaur is moderately wounded.
You slice the minotaur!!
The minotaur is severely wounded.
The minotaur hits you with a +3 double sword of electrocution!!
You die...

### ≈≈≈ ≈∩ .. ###.
... ######H#######
.......@.....#
.###.###.###.#
#.###.###.#
..........#
.###.###.###
####.###.###.#####
≈...............§#
###
8.8.8.8.8.8.8.8§8#
### #8#
≈..............§§#
#8#


You could see a minotaur.

Vanquished Creatures
  A ghost crab (Gauntlet)
  2 two-headed ogres
  2 wizards (Gauntlet)
  Pikel (D:5)
  An orc sorcerer (Bailey)
  A kobold demonologist (Bailey)
  A tengu conjurer (D:10)
  A komodo dragon (D:10)
  A troll (D:9)
  A meliai (D:10)
  A hornet (D:9)
  16 yaks
  A wraith (D:10)
  3 wyverns (D:9)
  2 acid dragons
  2 ice beasts
  15 orc warriors
  A sky beast (D:7)
  2 black bears (D:6)
  An ogre (D:6)
  2 centaurs (D:10)
  4 kobold brigands
  2 lemures (D:5)
  2 elf zombies
  2 gnoll sergeants
  A bullfrog (D:8)
  3 scorpions
  2 elf skeletons (D:4)
  3 wights (D:6)
  3 howler monkeys
  6 electric eels (Bailey)
  8 crimson imps (D:8)
  5 hounds
  5 orc priests
  7 jellies
  2 gnoll boudas
  A sleepcap (D:6)
  4 iguanas
  A human skeleton (D:4)
  7 orc wizards
  A hound zombie (Ossuary)
  4 mummies (Ossuary)
  6 adders
  16 gnolls
  2 shadow imps (Gauntlet)
  3 white imps
  5 adder zombies (Ossuary)
  A worm (D:2)
  3 dart slugs
  26 orcs
  5 ball pythons
  6 endoplasms
  3 giant cockroaches
  10 goblins
  11 hobgoblins
  2 jackals (D:2)
  3 quokkas
  5 bats
  3 frilled lizards
  A goblin zombie (Ossuary)
  A hobgoblin zombie (Ossuary)
  A jackal zombie (Ossuary)
  15 kobolds
  An orc skeleton (D:4)
  2 orc zombies
  2 rats
  A rat zombie (Ossuary)
265 creatures vanquished.

Notes
Turn   | Place    | Note
-------+----------+-------------------------------------------
     0 | D:1      | funkygono the Minotaur Fighter began the quest for the Orb.
     0 | D:1      | Reached XP level 1. HP: 19/19 MP: 0/0
   275 | D:1      | Reached XP level 2. HP: 27/27 MP: 1/1
   647 | D:1      | Found a faded altar of an unknown god.
  1020 | D:2      | Reached XP level 3. HP: 33/33 MP: 2/2
  1174 | D:2      | Reached skill level 3 in Axes
  1408 | D:2      | Reached XP level 4. HP: 40/40 MP: 3/3
  1955 | D:4      | Reached skill level 4 in Axes
  1955 | D:4      | Reached skill level 5 in Armour
  2175 | D:4      | Reached XP level 5. HP: 45/47 MP: 4/4
  2190 | D:4      | Reached skill level 5 in Axes
  2196 | D:4      | Found a sand-covered staircase.
  2201 | Ossuary  | Entered an ossuary
  2208 | Ossuary  | Reached XP level 6. HP: 50/55 MP: 5/5
  2215 | Ossuary  | Reached skill level 5 in Fighting
  2215 | Ossuary  | Reached skill level 6 in Axes
  2505 | D:4      | Reached skill level 7 in Axes
  2505 | D:4      | Reached XP level 7. HP: 61/61 MP: 6/6
  3462 | D:5      | Entered Level 5 of the Dungeon
  3462 | D:5      | Found Odoexkit's Antique Weapon Boutique.
  3480 | D:5      | Identified the ring of Vusmercha {rPois Will+ Int-4 SInv}
  3499 | D:5      | Noticed Pikel
  3511 | D:5      | Killed Pikel
  3512 | D:5      | Reached skill level 9 in Axes
  3512 | D:5      | Reached XP level 8. HP: 46/70 MP: 7/7
  4299 | D:6      | Found a broken altar of Ashenzari.
  4300 | D:6      | Found a bloodstained altar of Trog.
  4335 | D:6      | Reached skill level 10 in Axes
  4875 | D:6      | Reached XP level 9. HP: 58/78 MP: 8/8
  4955 | D:6      | Found a staircase to the Ecumenical Temple.
  4963 | Temple   | Entered the Ecumenical Temple
  4993 | Temple   | Became a worshipper of Warmaster Okawaru
  5126 | D:6      | Reached skill level 11 in Axes
  5536 | D:7      | Reached skill level 5 in Shields
  5883 | D:7      | Found a radiant altar of Vehumet.
  5883 | D:7      | Found a faded altar of an unknown god.
  5891 | D:7      | Found a snail-covered altar of Cheibriados.
  5893 | D:7      | Found a hide-covered altar of Uskayaw.
  5895 | D:7      | Found a glowing silver altar of Zin.
  6057 | D:7      | Reached * piety under Okawaru
  6786 | D:8      | Noticed a two-headed ogre
  6793 | D:8      | Killed a two-headed ogre
  6793 | D:8      | Reached ** piety under Okawaru
  6794 | D:8      | Reached skill level 12 in Axes
  7020 | D:8      | Found a staircase to the Lair.
  7184 | D:8      | Reached XP level 10. HP: 88/90 MP: 9/9
  7620 | D:9      | Found a shadowy altar of Dithmenos.
  7836 | D:9      | Noticed a two-headed ogre
  7841 | D:9      | Reached *** piety under Okawaru
  7842 | D:9      | Reached skill level 13 in Axes
  7849 | D:9      | Killed a two-headed ogre
  7850 | D:9      | Reached skill level 1 in Stealth
  7850 | D:9      | Reached skill level 1 in Invocations
  7942 | D:9      | Reached skill level 10 in Armour
  8076 | D:9      | Found a glowing golden altar of the Shining One.
  8247 | D:10     | Entered Level 10 of the Dungeon
  8267 | D:10     | Found a flagged portal.
  8276 | Bailey   | Entered a bailey
  8372 | Bailey   | Noticed an orc sorcerer
  8910 | Bailey   | Reached **** piety under Okawaru
  8998 | Bailey   | Reached skill level 14 in Axes
  9082 | Bailey   | Found an iron altar of Okawaru.
  9086 | Bailey   | Killed an orc sorcerer
  9087 | Bailey   | Reached XP level 11. HP: 94/99 MP: 7/10
  9099 | Bailey   | Reached skill level 1 in Dodging
  9223 | Bailey   | Acquired a manual of Stealth
  9429 | D:10     | Reached skill level 10 in Fighting
  9433 | D:10     | Reached ***** piety under Okawaru
  9975 | D:10     | Reached skill level 15 in Axes
 10493 | D:11     | Found a gate leading to a gauntlet.
 10498 | Gauntlet | Entered a Gauntlet
 10498 | Gauntlet | Found a transporter.
 10498 | Gauntlet | Found a transporter.
 10501 | Gauntlet | Noticed a wizard
 10504 | Gauntlet | Found a transporter.
 10504 | Gauntlet | Found a transporter.
 10517 | Gauntlet | Found a transporter.
 10532 | Gauntlet | Noticed an oklob plant
 10533 | Gauntlet | Found a transporter.
 10547 | Gauntlet | Found a transporter.
 10547 | Gauntlet | Found a transporter.
 10553 | Gauntlet | Noticed an orange crystal statue
 10554 | Gauntlet | Found a transporter.
 10561 | Gauntlet | Noticed a ghost crab
 10573 | Gauntlet | Found a transporter.
 10583 | Gauntlet | Found a transporter.
 10610 | Gauntlet | Found a transporter.
 10646 | Gauntlet | Found a transporter.
 10659 | Gauntlet | Noticed a wizard
 10667 | Gauntlet | Found a transporter.
 10781 | Gauntlet | Found a transporter.
 10787 | Gauntlet | Noticed a fire crab
 10798 | Gauntlet | Found a transporter.
 10952 | Gauntlet | Killed a wizard
 11010 | Gauntlet | Killed a wizard
 11015 | Gauntlet | Identified the ring of Cetwuaso {Fire rPois Int+3 Dex+3}
 11057 | Gauntlet | Noticed a spectral bunyip
 11060 | Gauntlet | Killed a ghost crab
 11308 | Gauntlet | Noticed a minotaur
 11320 | Gauntlet | Slain by a minotaur

Illustrated notes

Levels and vault maps discovered:
D:1:      erik_arrival_triangle_medium, layout_loops_corners,
          ebering_ecumenical_altar_abandoned, st_stairs_4
D:2:      layout_loops_ring
D:3:      layout_rooms, hangedman_decor_clover_reticule
D:4:      layout_cave_pods, nicolae_ossuary_entry_catacombs
D:5:      layout_gridville, serial_shops, nicolae_stop_n_shop_1,
          grunt_decor_clamped, uniq_pikel
D:6:      layout_cave_pools, minitemple, minmay_temple_entry_junction,
          nicolae_hexahallways
D:7:      layout_cave_pods, chequers_temple_overflow_minitemple, minmay_bent
D:8:      layout_layer_cave, lair_entry_dummy, minmay_nine_imps
D:9:      layout_basic, tso_metal_star, nicolae_dithmenos_the_darkroom
D:10:     minmay_curly_fans, layout_stronghold, enter_bailey_8
D:11:     layout_gridville, hiddenorc1_lemuel, gauntlet_entry_generic,
          uniq_maurice
Temple:   jpeg_temple_clearing
Gauntlet: gammafunk_gauntlet_branching [nicolae_gauntlet_swirl,
          gammafunk_gauntlet_arena_chambers, gammafunk_gauntlet_arena_teeth,
          gammafunk_gauntlet_arena_split_diamond,
          nicolae_gauntlet_arena_quarters, gammafunk_gauntlet_arena_grid,
          gammafunk_gauntlet_arena_spirals,
          gammafunk_gauntlet_arena_arrow_garden, gauntlet_exit_watery]

Skill      XL: |  1  2  3  4  5  6  7  8  9 10 11 |
---------------+----------------------------------+-----
Fighting       | 4 5 6 8 9 10 | 10.5
Armour         | 4 5 6 7 8 10 12 | 12.0
Shields        | 4 5 6 7 |  7.1
Axes           | 3 4 5 7 9 10 12 14 15 | 15.3
Stealth        | 1 |  1.4
Invocations    | 1 |  1.7
Dodging        | 1 |  1.8

Action                     |  1- 3 |  4- 6 |  7- 9 | 10-12 || total
---------------------------+-------+-------+-------+-------++-------
  Melee: War axe           |    76 |   110 |   193 |   269 ||   648
         Headbutt          |    10 |    14 |    22 |    50 ||    96
 Invoke: Heroism           |       |       |     3 |     5 ||     8
    Use: Scroll            |       |     7 |    15 |     8 ||    30
         Potion            |       |     1 |       |       ||     1
 Armour: Scale mail        |    25 |       |       |       ||    25
         Chain mail        |    15 |       |       |       ||    15
         Plate armour      |    20 |    79 |   125 |   146 ||   370
  Dodge: Dodged            |    27 |    28 |    61 |    64 ||   180
  Block: Buckler           |    14 |    20 |    28 |    65 ||   127

Table legend: (Time is in decaauts)
 A = Elapsed time spent in this place.
 B = Non-inter-level travel time spent in this place.
 C = Inter-level travel time spent in this place.
 D = Time resting spent in this place.
 E = Time spent auto-exploring this place.
 F = Levels seen in this place.
 G = Mean time per level.
                   A        B        C        D        E       F      G
               +--------+--------+--------+--------+--------+-----+--------+
         Total |  11328 |  11058 |    270 |    585 |   7624 |  15 |  755.2 |
       Dungeon |   9205 |   8949 |    256 |     93 |   7250 |  11 |  836.8 |
        Temple |    110 |     97 |     13 |      0 |     77 |   1 |  110.0 |
       Ossuary |    257 |    257 |      0 |      0 |    182 |   1 |  257.0 |
        Bailey |    941 |    941 |      0 |    329 |     89 |   1 |  941.0 |
      Gauntlet |    813 |    813 |      0 |    163 |     26 |   1 |  813.0 |
               +--------+--------+--------+--------+--------+-----+--------+

Top non-repeatable levels by time:
     D:4: 1279 daAuts
    D:10: 1193 daAuts
     D:8: 1161 daAuts
     D:6: 1119 daAuts
     D:1: 1027 daAuts
  Bailey: 941 daAuts
     D:5: 824 daAuts
Gauntlet: 813 daAuts
     D:7: 808 daAuts
     D:9: 747 daAuts
     D:2: 536 daAuts
     D:3: 426 daAuts
 Ossuary: 257 daAuts
  Temple: 110 daAuts
    D:11: 80 daAuts
